 Seeded DCSS version 0.28-a0-724-g66f9036eb4 (webtiles) character file.

Game seed: 20211027 (custom seed)

1589 Rennog the Magician (level 8, -5/57 HPs)
             Began as a Demigod Wanderer on Oct 27, 2021.
             Slain by a wyvern zombie (13 damage)
             ... on level 6 of the Dungeon.
             The game lasted 00:21:06 (10142 turns).

Rennog the Magician (Demigod Wanderer)             Turns: 10142, Time: 00:21:07

Health: -5/57      AC:  4    Str: 14    XL:     8   Next: 35%
Magic:  21/21      EV: 11    Int: 24    God:
Gold:   152        SH:  0    Dex: 13    Spells: 12/20 levels left

rFire   . . .      SeeInvis .   s - +6 great sword "Ismomnud" {drain, rC+ Str+3}
rCold   + . .      Faith    .   (shield currently unavailable)
rNeg    . . .      Spirit   .   b - +0 robe
rPois   .          Reflect  .   (no helmet)
rElec   .          Harm     .   j - +0 cloak
rCorr   .          Rampage  .   o - +0 pair of gloves
Will    +....                   (no boots)
Stlth   +.........              (no amulet)
HPRegen 0.19/turn               l - ring of willpower
MPRegen 0.17/turn               (no ring)

@: no status effects
A: high mp 1, forlorn
a: no special abilities


You were on level 6 of the Dungeon.
You visited 1 branch of the dungeon, and saw 6 of its levels.

You collected 393 gold pieces.
You spent 241 gold pieces at shops.

Inventory:

Hand Weapons
 a - a +0 dagger
 p - a +0 dagger of protection
 s - the +6 great sword "Ismomnud" (weapon) {drain, rC+ Str+3}
   (You bought it in a shop on level 1 of the Dungeon)

   A truly terrible weapon, it drains the life of any living foe it strikes.
   Str:       It affects your strength (+3).
   rC:        It protects you from cold.
Missiles
 q - 2 throwing nets
Armour
 b - a +0 robe (worn)
 c - a +0 buckler
 j - a +0 cloak (worn)
 o - a +0 pair of gloves (worn)
Jewellery
 l - a ring of willpower (left hand)
Wands
 n - a wand of paralysis (8)
Scrolls
 d - 3 scrolls of immolation {unknown}
 e - 2 scrolls of identify {unknown}
 i - a scroll of silence {unknown}
 k - a scroll of amnesia {unknown}
 m - 2 scrolls of fear {unknown}
Potions
 f - 2 potions of attraction {unknown}
 g - 2 potions of flight {unknown}
 h - 3 potions of heal wounds {unknown}
 r - a potion of mutation {unknown}
 t - a potion of degeneration {unknown}
 u - a potion of berserk rage {unknown}


   Skills:
 * Level 4.5 Long Blades
 - Level 1.7 Shields
 * Level 6.5 Spellcasting
 - Level 1.1 Conjurations
 - Level 1.0 Summonings
 - Level 2.5 Translocations
 - Level 1.7 Ice Magic
 - Level 2.6 Air Magic
 - Level 4.0 Poison Magic


You had 12 spell levels left.
You knew the following spells:

 Your Spells              Type           Power      Damage    Failure   Level
a - Sting                 Tmut/Pois      68%        1d6       3%          1
b - Poisonous Vapours     Pois/Air       48%        N/A       2%          2
c - Blink                 Tloc           38%        N/A       4%          2
d - Mephitic Cloud        Conj/Pois/Air  20%        N/A       8%          3

Your spell library contained the following spells:

 Spells                   Type           Power      Damage    Failure   Level
 Shock                    Conj/Air       68%        1d7       3%          1
 Magic Dart               Conj           52%        1d5       4%          1
 Static Discharge         Conj/Air       17%        N/A       5%          2
 Searing Ray              Conj           26%        2d5       7%          2
 Sandblast                Erth           14%        2d6       8%          1
 Call Imp                 Summ           12%        N/A       8%          2
 Swiftness                Air            20%        N/A       8%          3
 Passwall                 Tmut/Erth      5%         N/A       12%         2
 Olgreb's Toxic Radiance  Pois           27%        N/A       14%         4
 Stone Arrow              Conj/Erth      20%        3d8       19%         3
 Airstrike                Air            10%        N/A       26%         4
 Manifold Assault         Tloc           19%        N/A       58%         5
 Storm Form               Tmut/Air       7%         N/A       100%        7


Dungeon Overview and Level Annotations

Branches:
Dungeon (6/15)
 Temple: D:4-7

Shops:
D:1 (   D:4 ?

Annotations:
D:4 3 runed translucent doors, scottley's ghost, amateur DrBe


Innate Abilities, Weirdness & Mutations

Your attributes grow dramatically as you level up.
You have an increased reservoir of magic. (+10% MP)
You shall have no god before yourself.


Message History

You hit the wyvern zombie.
The wyvern zombie is moderately damaged.
The wyvern zombie bites you. x2
You completely miss the wyvern zombie.
The wyvern zombie is moderately damaged.
The wyvern zombie bites you. The wyvern zombie barely misses you.
You slash the wyvern zombie!
The wyvern zombie is severely damaged.
The wyvern zombie closely misses you. The wyvern zombie barely misses you.
You hit the wyvern zombie.
The wyvern zombie is severely damaged.
The wyvern zombie bites you! The wyvern zombie bites you.
You barely miss the wyvern zombie.
The wyvern zombie is severely damaged.
The wyvern zombie bites you but does no damage.
The wyvern zombie bites you!
You are too injured to fight recklessly!
You are too injured to fight recklessly!
You are too injured to fight recklessly!
You are too injured to fight recklessly!
You are too injured to fight recklessly!
You are too injured to fight recklessly!
You are too injured to fight recklessly!
You are too injured to fight recklessly!
You are too injured to fight recklessly!
A wyvern zombie is nearby!
A wyvern zombie is nearby!
You hit the wyvern zombie but do no damage.
The wyvern zombie is severely damaged.
The wyvern zombie barely misses you. The wyvern zombie bites you!
* * * LOW HITPOINT WARNING * * *
You hit the wyvern zombie.
The wyvern zombie is almost destroyed.
The wyvern zombie bites you.
* * * LOW HITPOINT WARNING * * *
The wyvern zombie bites you but does no damage.
You barely miss the wyvern zombie.
The wyvern zombie is almost destroyed.
The wyvern zombie bites you!
You die...

#... .. .. ###.#. #.#.####
# #.(.#. .......#.#
.#...#. #######.#.#...
.....#. #............
....#. #.#........# #..
.........Z$############.#
###.#.^..@...........)....
............###.......##.#
#######.###.# #.......##.#
............# #.......##)#
#######.##### #.......##.#
#######.# #.......##..
#....(..# #.......##..
#.####### #.......##..
####.# ... ......)......


You could see a wyvern zombie.

Vanquished Creatures
  An orc warrior (D:5)
  A black bear (D:5)
  2 necrophages
  An ogre (D:6)
  A phantom (D:5)
  4 scorpions
  A water moccasin zombie (D:6)
  A bullfrog zombie (D:5)
  2 jellies
  3 orc priests
  A centaur skeleton (D:6)
  A bullfrog skeleton (D:6)
  An iguana (D:4)
  2 orc wizards
  A scorpion zombie (D:5)
  2 hound skeletons (D:5)
  8 gnolls (D:4)
  A howler monkey skeleton (D:5)
  9 adders
  A shadow imp (D:5)
  3 worms
  3 dart slugs
  21 orcs
  5 ball pythons
  4 endoplasms
  4 giant cockroaches
  13 goblins
  5 hobgoblins
  3 jackals
  8 kobolds
  2 quokkas
  3 bats
  2 frilled lizards
  4 rats
124 creatures vanquished.

Vanquished Creatures (collateral kills)
  A steam dragon (D:5)
1 creature vanquished.

Grand Total: 125 creatures vanquished

Notes
Turn   | Place    | Note
-------+----------+-------------------------------------------
     0 | D:1      | Rennog the Demigod Wanderer began the quest for the Orb.
     0 | D:1      | Rennog set off with the following items: a +0 dagger, a +0
                  | robe, a +0 buckler; and the following spell memorised:
                  | Sting; and the following spells available to memorise:
                  | Poisonous Vapours, Static Discharge, Searing Ray, Mephitic
                  | Cloud, Olgreb's Toxic Radiance
     0 | D:1      | Reached XP level 1. HP: 14/14 MP: 3/3
     9 | D:1      | Found Septann's Antique Weapon Shoppe.
   479 | D:1      | Reached skill level 1 in Spellcasting
   891 | D:1      | Reached XP level 2. HP: 10/20 MP: 0/6
  1894 | D:1      | Learned a level 2 spell: Poisonous Vapours
  2232 | D:2      | Reached XP level 3. HP: 5/26 MP: 2/8
  2796 | D:2      | Reached skill level 2 in Spellcasting
  4887 | D:4      | Reached XP level 4. HP: 33/33 MP: 3/10
  4888 | D:4      | Found a runed translucent gate.
  4888 | D:4      | Found a runed translucent gate.
  4889 | D:4      | Found a runed translucent gate.
  4891 | D:4      | Noticed scottley's ghost (amateur DrBe)
  4892 | D:4      | Noticed a centaur
  4893 | D:4      | Noticed a necrophage
  5240 | D:4      | Reached skill level 3 in Spellcasting
  5240 | D:4      | Reached skill level 1 in Conjurations
  5446 | D:4      | Found Ynaamn's Magic Scroll Emporium.
  5461 | D:4      | Reached XP level 5. HP: 38/38 MP: 5/13
  5567 | D:4      | Reached skill level 1 in Translocations
  5817 | D:4      | Learned a level 2 spell: Blink
  6381 | D:4      | Reached XP level 6. HP: 21/45 MP: 5/14
  6613 | D:4      | Reached skill level 4 in Spellcasting
  7568 | D:5      | Entered Level 5 of the Dungeon
  7850 | D:1      | Bought a brightly glowing great sword for 241 gold pieces
  7850 | D:1      | Identified the +6 great sword "Ismomnud" {drain, rC+ Str+3}
                  | (You bought it in a shop on level 1 of the Dungeon)
  7988 | D:4      | Learned a level 3 spell: Mephitic Cloud
  8170 | D:5      | Reached XP level 7. HP: 38/50 MP: 12/17
  8315 | D:5      | Reached skill level 1 in Long Blades
  8315 | D:5      | Reached skill level 5 in Spellcasting
  9169 | D:6      | Noticed a steam dragon
  9180 | D:5      | Killed a steam dragon
  9181 | D:5      | Reached skill level 6 in Spellcasting
  9181 | D:5      | Reached XP level 8. HP: 20/57 MP: 14/20
 10142 | D:6      | Slain by a wyvern zombie

Illustrated notes

Levels and vault maps discovered:
D:1:      amcnicky_arrival_gap_in_the_tavern_cellar, layout_basic,
          shapermc_ecumenical_altar_mp_ritualfount, serial_shops, shop
D:2:      layout_basic
D:3:      layout_basic, minmay_quadrilaterals
D:4:      layout_cave_pools, amcnicky_altar_gilded,
          lightli_ossuary_entry_decrepit_ruins, ebering_ghost_gozag,
          serial_shops, nicolae_diamond_shop
D:5:      layout_rooms
D:6:      layout_basic, nicolae_vehumet_radiance, nicolae_ashenzari_panopticon,
          grunt_ministairs_3, uniq_pikel

Skill      XL: |  1  2  3  4  5  6  7  8 |
---------------+-------------------------+-----
Spellcasting   | 1 2 3 4 6 |  6.5
Poison Magic   | 2 3 4 |  4.0
Conjurations   | 1 |  1.1
Translocations | 1 2 |  2.5
Long Blades    | 3 4 |  4.5
Shields        | |  1.7
Summonings     | |  1.0
Ice Magic      | |  1.7
Air Magic      | |  2.6

Action                   |  1- 3 |  4- 6 |  7- 9 || total
-------------------------+-------+-------+-------++-------
Melee: Dagger            |    65 |   172 |       ||   237
       Great sword       |       |     8 |    80 ||    88
 Cast: Sting             |    68 |    27 |     9 ||   104
       Poisonous Vapours |    43 |    57 |    23 ||   123
       Blink             |       |     4 |     1 ||     5
  Use: Scroll            |       |       |     1 ||     1
 Stab: Sleeping          |       |       |     2 ||     2
Armor: Robe              |    16 |    77 |    32 ||   125
Dodge: Dodged            |    58 |    90 |    50 ||   198
Block: Buckler           |    19 |    46 |       ||    65

Table legend: (Time is in decaauts)
 A = Elapsed time spent in this place.
 B = Non-inter-level travel time spent in this place.
 C = Inter-level travel time spent in this place.
 D = Time resting spent in this place.
 E = Time spent auto-exploring this place.
 F = Levels seen in this place.
 G = Mean time per level.
                   A        B        C        D        E       F      G
               +--------+--------+--------+--------+--------+-----+--------+
         Total |  10213 |   9704 |    509 |   1175 |   7109 |   6 | 1702.2 |
       Dungeon |  10213 |   9704 |    509 |   1175 |   7109 |   6 | 1702.2 |
               +--------+--------+--------+--------+--------+-----+--------+

Top non-repeatable levels by time:
     D:3: 2336 daAuts
     D:1: 2224 daAuts
     D:4: 2112 daAuts
     D:5: 1401 daAuts
     D:2: 1365 daAuts
     D:6: 772 daAuts
